 Dungeon Crawl Stone Soup version 0.31-a0-1522-g43313d8a59 (webtiles) character file.

Game seed: 14426731993700236153

859195 Dirtsage the Cryomancer (level 27, -1/206 (265) HPs)
             Began as an Octopode Shapeshifter on Dec 29, 2023.
             Was the Champion of the Shining One.
             Killed from afar by a Hell Sentinel (24 damage)
             ... with damnation
             ... on level 6 of the Iron City of Dis on Dec 30, 2023.
             The game lasted 04:34:27 (74266 turns).

Dirtsage the Cryomancer (Octopode Shapeshifter)    Turns: 74266, Time: 04:34:28

HP:   -1/206 (265)  AC: 30    Str: 23 (25) XL:     27
MP:   39/45         EV: 21    Int: 14 (16) God:    the Shining One [******]
Gold: 5839          SH: 47    Dex: 17 (18) Spells: 32/62 levels left

rFire   + .          .
                       - Unarmed
rCold   + . .        W - +18 shield of the Gong {Loud rN+ Will+ rCorr EV-5}
rNeg    + + +        j - +1 hat "Jujuchor" {Rampage Str+2 Int+2 Slay-2}
rPois   ∞            U - amulet of Vitality {RegenMP++ Regen++}
rElec   +            Z - +4 ring of protection
rCorr   +            K - ring of willpower
SInv    .            T - ring of the Mage {Wiz Archmagi}
Will    +++++        e - ring of willpower
Stlth   +            o - +5 ring of evasion
HPRegen 2.14/turn    C - ring of flight
MPRegen 1.09/turn    I - ring of protection from cold
                     F - ring of protection from fire

%: rampage, wizardry (x1), archmagi
@: divinely shielded, statue-form, silenced, spiked, flying, glowing, studying 2
skills, heavily drained, corroded, very slow
A: slow and powerful, torment resistance 1, boosted hp, almost no armour,
amphibious, 8 rings, camouflage 1, (gelatinous body 1), (nimble swimmer 1),
tentacles, (iridescent scales 2), deterioration 1, sense surroundings 1, strong
2, persistent drain
}: 7/15 runes: decaying, serpentine, slimy, silver, obsidian, icy, bone
a: Begin Untransformation, Renounce Religion


You were on level 6 of the Iron City of Dis.
You worshipped the Shining One.
The Shining One was exalted by your worship.
You were a living statue of rough stone.
You visited 16 branches of the dungeon, and saw 78 of its levels.
You visited the Abyss 1 time.
You also visited: Trove, Ice Cave and Desolation.

You collected 12041 gold pieces.
You spent 6202 gold pieces at shops.

Inventory:

Armour
 j - the +1 hat "Jujuchor" (worn) {Rampage Str+2 Int+2 Slay-2}
   (You found it in a treasure trove)

   Str+2:     It affects your strength (+2).
   Int+2:     It affects your intelligence (+2).
   Slay-2:    It affects your accuracy & damage with ranged weapons and melee
   (-2).
   Rampage:   It bestows one free step when moving towards enemies.
 W - the +18 shield of the Gong (worn) {Loud rN+ Will+ rCorr EV-5}
   (You took it off a spriggan on level 3 of the Depths)

   Loud:      It is deafeningly noisy when blocking attacks.
   EV-5:      It affects your evasion (-5).
   rN+:       It protects you from negative energy.
   Will+:     It increases your willpower.
   rCorr:     It protects you from acid and corrosion.
Jewellery
 e - a ring of willpower (on tentacle)
 m - the ring "Qiopta Ujiu" {Fire Dex+2}
   (You found it on level 7 of Tartarus)

   [ring of fire]

   Fire:      It enhances your fire magic.
   Dex+2:     It affects your dexterity (+2).
   rF+:       It protects you from fire.
   rC-:       It makes you vulnerable to cold.
 o - a +5 ring of evasion (on tentacle)
 p - the ring "Wifritta" {rC- rN++ AC+4}
   (You found it in a treasure trove)

   [ring of protection]

   AC+4:      It affects your AC (+4).
   rC-:       It makes you vulnerable to cold.
   rN++:      It greatly protects you from negative energy.
 y - a +5 ring of evasion
 C - a ring of flight (on tentacle)
 F - a ring of protection from fire (on tentacle)
 H - the ring of Okawaru's Outrage {Wiz rN+}
   (You found it on level 7 of Cocytus)

   [ring of wizardry]

   Wiz:       It improves your spell success rate.
   rN+:       It protects you from negative energy.
 I - a ring of protection from cold (on tentacle)
 K - a ring of willpower (right tentacle)
 T - the ring of the Mage (on tentacle) {Wiz Archmagi}
   (You bought it in a shop on level 3 of the Vaults)

   [ring of wizardry]

   Wiz:       It improves your spell success rate.
   Archmagi:  It increases the power of your magical spells.
 U - the amulet of Vitality (around mantle) {RegenMP++ Regen++}
   (You found it on level 3 of the Elven Halls)

   [amulet of magic regeneration]

   RegenMP:   It increases your rate of magic regeneration.
   Regen++:   It increases your rate of health regeneration.
 Z - a +4 ring of protection (left tentacle)
Talismans
 L - a dragon-blood talisman
 X - a granite talisman (active)
Wands
 D - a wand of digging (26)
 M - a wand of quicksilver (39)
Scrolls
 b - 9 scrolls of fog
 g - 9 scrolls of fear
 i - 18 scrolls of identify
 s - 8 scrolls of immolation
 t - 8 scrolls of teleportation
 B - 7 scrolls of blinking
 E - 4 scrolls of poison
 G - 12 scrolls of enchant armour
 J - 5 scrolls of revelation
 N - 4 scrolls of butterflies
 R - 10 scrolls of amnesia
 V - 5 scrolls of silence
Potions
 a - 10 potions of lignification
 d - 6 potions of might
 h - 10 potions of haste
 k - 5 potions of magic
 l - 4 potions of heal wounds
 n - a potion of resistance
 q - 7 potions of curing
 r - 6 potions of invisibility
 u - 11 potions of mutation
 v - 8 potions of enlightenment
 w - 8 potions of brilliance
 x - 7 potions of cancellation
 P - 3 potions of berserk rage
 Q - 4 potions of attraction
Miscellaneous
 f - a tin of tremorstones (2/2)
 z - a box of beasts
 O - a lightning rod (4/4)
 S - a phial of floods
 Y - a phantom mirror


   Skills:
 + Level 20.8 Fighting
 + Level 15.9 Dodging
 + Level 18.6 Shields
 - Level 23.0 Unarmed Combat
 + Level 18.3 Spellcasting
 - Level 10.0 Conjurations
 - Level 11.2 Translocations
 * Level 25.1 Ice Magic
 - Level 10.0 Air Magic
 - Level 19.3 Invocations
 - Level 3.9 Evocations
 - Level 21.2 Shapeshifting


You had 32 spell levels left.
You knew the following spells:

 Your Spells              Type           Power      Damage    Failure   Level
a - Freezing Cloud        Conj/Ice/Air   35%        6-21      1%          5
b - Vhi's Electric Charg  Tloc/Air       100%       N/A       1%          4
c - Manifold Assault      Tloc           61%        N/A       1%          4
d - Arcjolt               Conj/Air       28%        1d38      1%          5
e - Polar Vortex          Ice            45%        12d6*     8%          9
A - Ozocubu's Armour      Ice            90%        N/A       0%          3

Your spell library contained the following spells:

 Spells                   Type           Power      Damage    Failure   Level
 Freeze                   Ice            100%       1d10      0%          1
 Frozen Ramparts          Ice            100%       1d16      0%          3
 Apportation              Tloc           100%       N/A       1%          1
 Foxfire                  Conj/Fire      100%       2x1d9     1%          1
 Kiss of Death            Conj/Necr      100%       2d13      1%          1
 Magic Dart               Conj           100%       1d8       1%          1
 Shock                    Conj/Air       100%       1d9       1%          1
 Sting                    Conj/Alch      100%       1d9       1%          1
 Blink                    Tloc           100%       N/A       1%          2
 Cigotuvi's Dreadful Rot  Necr/Alch/Air  66%        N/A       1%          2
 Ensorcelled Hibernation  Hex/Ice        100%       N/A       1%          2
 Lesser Beckoning         Tloc           100%       N/A       1%          2
 Mercury Vapours          Alch/Air       80%        N/A       1%          2
 Momentum Strike          Conj/Tloc      100%       3d10      1%          2
 Static Discharge         Conj/Air       100%       3-8/arc   1%          2
 Dazzling Flash           Conj/Hex       80%        N/A       1%          3
 Gell's Gravitas          Tloc           61%        N/A       1%          3
 Mephitic Cloud           Conj/Alch/Air  47%        N/A       1%          3
 Summon Ice Beast         Ice/Summ       64%        N/A       1%          3
 Swiftness                Air            57%        N/A       1%          3
 Teleport Other           Tloc           61%        N/A       1%          3
 Volatile Blastmotes      Fire/Tloc      84%        2d17      1%          3
 Airstrike                Air            28%        2d(5-21)  1%          4
 Iskenderun's Mystic Bla  Conj/Tloc      59%        2d12      1%          4
 Passage of Golubria      Tloc           61%        N/A       1%          4
 Iskenderun's Battlesphe  Conj           57%        2d11      1%          5
 Metabolic Englaciation   Hex/Ice        32%        N/A       1%          5
 Sculpt Simulacrum        Ice/Alch       32%        N/A       1%          6
 Ozocubu's Refrigeration  Ice            45%        4d17      1%          7
 Necrotise                Necr           76%        1d7       2%          1
 Slow                     Hex            76%        N/A       2%          1
 Summon Small Mammal      Summ           76%        N/A       2%          1
 Call Imp                 Summ           38%        N/A       3%          2
 Jinxbite                 Hex            38%        N/A       3%          2
 Brom's Barrelling Bould  Conj/Erth      40%        2d6       3%          4
 Flame Wave               Conj/Fire      40%        2d11      3%          4
 Fulminant Prism          Conj/Alch      20%        3d12      3%          4
 Summon Lightning Spire   Summ/Air       40%        N/A       3%          4
 Dispersal                Tloc           30%        N/A       3%          6
 Conjure Ball Lightning   Conj/Air       28%        3x3d8     6%          6
 Confusing Touch          Hex            19%        N/A       8%          3
 Fugue of the Fallen      Necr           19%        N/A       8%          3
 Inner Flame              Hex/Fire       19%        N/A       8%          3
 Passwall                 Erth           19%        N/A       8%          3
 Sigil of Binding         Hex            19%        N/A       8%          3
 Vampiric Draining        Necr           19%        2d7       8%          3
 Fireball                 Conj/Fire      20%        3d10      9%          5
 Irradiate                Conj/Alch      20%        3d18      9%          5
 Silence                  Hex/Air        20%        N/A       9%          5
 Anguish                  Hex/Necr       9%         N/A       24%         4
 Animate Dead             Necr           19%        N/A       24%         4
 Cause Fear               Hex            9%         N/A       24%         4
 Ignite Poison            Fire/Alch      19%        N/A       24%         4
 Leda's Liquefaction      Alch/Erth      9%         N/A       24%         4
 Olgreb's Toxic Radiance  Alch           19%        N/A       24%         4
 Petrify                  Alch/Erth      19%        N/A       24%         4
 Orb of Destruction       Conj           28%        9d9       32%         7
 Bombard                  Conj/Erth      20%        9d4       41%         6
 Plasma Beam              Fire/Air       20%        2x1d32    41%         6
 Starburst                Conj/Fire      20%        6d7       41%         6
 Alistair's Intoxication  Alch           12%        N/A       52%         5
 Borgnjor's Vile Clutch   Necr/Erth      9%         N/A       52%         5
 Curse of Agony           Necr           19%        N/A       52%         5
 Lee's Rapid Deconstruct  Erth           9%         3d7*      52%         5
 Summon Mana Viper        Hex/Summ       19%        N/A       52%         5
 Disjunction              Tloc           30%        N/A       80%         8
 Spellforged Servitor     Conj/Summ      20%        N/A       92%         7
 Maxwell's Capacitive Co  Air            28%        ∞         92%         8
 Eringya's Noxious Bog    Alch           9%         4d6       97%         6
 Enfeeble                 Hex            9%         N/A       100%        7
 Monstrous Menagerie      Summ           9%         N/A       100%        7
 Summon Hydra             Summ           9%         N/A       100%        7
 Ignition                 Fire           9%         3d5       100%        8
 Infestation              Necr           9%         N/A       100%        8
 Lehudib's Crystal Spear  Conj/Erth      20%        10d6      100%        8
 Shatter                  Erth           9%         3d11*     100%        9
 Sublimation of Blood     Necr           Unusable   N/A       N/A         2
 Animate Armour           Summ/Erth      Unusable   N/A       N/A         4

Dungeon Overview and Level Annotations

Branches:
Dungeon (15/15)            Temple (1/1) D:4            Lair (5/5) D:9
  Swamp (4/4) Lair:2        Snake (4/4) Lair:2        Slime (5/5) Lair:4
    Orc (2/2) D:12            Elf (3/3) Orc:2        Vaults (5/5) D:13
  Crypt (3/3) Vaults:3       Tomb (0/3) Crypt:3      Depths (4/4) D:15
   Hell (visited)             Dis (4/7) Hell            Geh (7/7) Hell
    Coc (7/7) Hell            Tar (7/7) Hell            Zot (0/5) Depths:4
  IceCv (visited)         Desolation (visited)

Altars:
Ashenzari
Cheibriados
Dithmenos
Elyvilon
Fedhas
Gozag
Hepliaklqana
Kikubaaqudgha
Makhleb
Nemelex Xobeh
Okawaru
Qazlal
Ru
Sif Muna
Trog
Uskayaw
Vehumet
Wu Jian
Xom
Yredelemnul
Zin
The Shining One
Jiyva

Shops:
D:8 =   D:13 ::   Orc:2 [=:   Elf:2 !   Elf:3 ?   Snake:1 *:::=   Snake:4 [
Vaults:3 =[   Vaults:5 ?   Depths:1 ?

Portals:
Hell: Depths:1 Depths:2 Depths:3 Depths:4
Abyss: Depths:3
Pandemonium: Depths:2 Depths:4
Ziggurat: Depths:4


Innate Abilities, Weirdness & Mutations

You are a living statue of rough stone.
Your actions are slow, but your melee attacks are powerful.
You are resistant to unholy torment.
Your maximum health is greatly increased.
You cannot wear most types of armour.
You are amphibious.
You can wear up to eight rings at the same time.
You are immune to poison.
Your skin changes colour to match your surroundings (Stealth+).
((Your rubbery body absorbs attacks. (AC +1, EV +1)))
((You are camouflaged when in or above water. (Stealth+)))
You have tentacles for arms and can constrict up to eight enemies at once.
((You are mostly covered in iridescent scales. (AC +4)))
Your body sometimes deteriorates upon taking damage.
You passively map a small area around you.
Your muscles are very strong. (Str +8, Int/Dex -2)
Your health recovers twice as slowly from being drained.


Message History

BOUMMMMG!
You block the Hell Sentinel's attack.
PTOANNNG!
The tormentor calls on the powers of darkness!
The iron giant convulses!
Your body is wracked with pain!
* * * LOW HITPOINT WARNING * * *
The iron giant throws the Hell Sentinel at you!
The Hell Sentinel gestures at you.
The sphere of damnation explodes!
The damnation engulfs you!!
* * * LOW HITPOINT WARNING * * *
Your body deteriorates!
You feel dopey.
The damnation engulfs the Hell Sentinel.
The Hell Sentinel completely resists.
The damnation engulfs the Hell Sentinel.
The Hell Sentinel completely resists.
You take 39 damage, and have 23/206 hp.
You now have 43/45 mp.
You are momentarily dazzled by a brilliant light.
The Hell Sentinel gestures at you. You block the iron shot.
PANG!
A Hell Sentinel comes into view.
The iron giant throws the tormentor at you!
* * * LOW HITPOINT WARNING * * *
You block the Hell Sentinel's attack.
PTOANNNG!
You block the Hell Sentinel's attack.
BONNNG!
The tormentor barely misses you.
The tormentor hits you but does no damage.
You take 3 damage, and have 20/206 hp.
You now have 37/45 mp.
Casting: Polar Vortex (dangerous; 8% risk of failure)
Confirm with . or Enter, or press ? or * to list all spells.
You feel a surge of power!
Okay, then.
As you read the scroll of silence, it crumbles to dust.
A profound silence engulfs you.
You block the Hell Sentinel's attack. x2
A Hell Sentinel opens the door.
The Hell Sentinel gestures at you.
The sphere of damnation explodes!
The damnation engulfs you!!
You die...

...#.., ,,
, , 2... ,
* * ... , ,
, ,,,##.##,
* , *#.r.#
* #)..# *,,
#9C.# ##1##
* , * #8#*
* * , #2A1#
, , ,
1'.∩91. ,
..##...##..
, , ##
##+## ## *,
* * , *, ,
* * , *


You could see 2 iron golems, an iron giant, 4 Hell Sentinels, a crystal echidna
(unsilenced), a tormentor (unsilenced) and a friendly daeva (summoned,
unsilenced).

Vanquished Creatures
  Antaeus (Coc:7)
  Asmodeus (Geh:7)
  the Royal Jelly (Slime:5)
  Dissolution (Slime:2)
  the Serpent of Hell (Tar:7)
  Frederick (Depths:4)
  8 dread liches
  4 ancient liches
  3 juggernauts
  Xtahua (Crypt:1)
  Boris (Crypt:1)
  the Lernaean hydra (Swamp:4)
  Bai Suzhen (Snake:4)
  Vashnia (Snake:3)
  21 shard shrikes
  16 caustic shrikes
  Geryon (Hell)
  4 golden dragons
  the Enchantress (Depths:4)
  9 profane servitors
  36 bone dragons
  8 Brimstone Fiends
  A shard shrike zombie (Crypt:3)
  12 Tzitzimimeh
  15 Ice Fiends
  18 doom hounds
  5 iron giants
  6 tentacled monstrosities
  16 tainted leviathans
  10 hellephants
  2 spectral shard shrikes
  Zenata (Elf:1)
  8 liches
  The ghost of Laziaso the Tortoise, an adept GrFi of Makhleb (Crypt:3)
  4 Hell Sentinels
  18 titans
  19 searing wretches
  20 acid blobs
  2 walking earthen tomes
  3 deep elf blademasters (Elf:3)
  5 quicksilver dragons
  5 sphinxes
  2 deep elf master archers (Elf:3)
  20 ancient champions
  The ghost of Guam the Warrior, an adept HOMo of Beogh (Depths:1)
  5 revenants
  An Executioner (Abyss:2)
  A tentacled starspawn (Abyss:2)
  The ghost of Ifijom the Brawler, an adept NaSh of Uskayaw (D:15)
  9 tengu reavers
  9 shadow dragons
  Donald (Elf:1)
  2 storm dragons (Vaults:5)
  The ghost of PanSaczeczos the Unseen, an adept SpIE of Hepliaklqana (Swamp:4)
  Aizul (Crypt:1)
  Roxanne (Snake:4)
  11 rockslimes
  8 nagarajas
  20 narguns
  3 imperial myrmidons (Desolation)
  10 vault wardens
  20 azure jellies
  24 fire giants
  3 iron dragons
  10 deep elf sorcerers
  26 frost giants
  4 quicksilver elementals
  4 deep elf elementalists (Elf:3)
  22 balrugs
  2 spectral juggernauts
  12 ghouls
  Louise (Swamp:3)
  7 shard shrike simulacra
  15 reapers
  The ghost of Urontig the Protected, a journeyman AtMo of Yredelemnul (Lair:4)
  A draconian stormcaller (Depths:4)
  2 spectral caustic shrikes
  2 angels (Vaults:2)
  An orc warlord (Vaults:3)
  19 stone giants
  2 curse skulls
  A draconian annihilator (Depths:4)
  3 cacodemons (Hell)
  16 ironbound preservers
  5 formless jellyfish
  A juggernaut skeleton (Crypt:2)
  6 spriggan defenders
  8 ironbound thunderhulks
  15 very ugly things
  13 quicksilver oozes
  15 deep elf death magi
  21 elemental wellsprings
  16 putrid mouths
  6 deep elf demonologists
  11 vampire knights
  An eleionoma (Swamp:3)
  9 deep elf annihilators
  4 caustic shrike skeletons
  4 halazid warlocks (Desolation)
  2 green draconians (Depths:4)
  11 dire elephants
  10 war gargoyles
  A white draconian (Depths:4)
  A spectral titan (Tar:6)
  A black draconian (Depths:4)
  2 spark wasps (Depths:3)
  3 bunyips
  26 wendigos
  5 fire dragons
  12 ettins
  3 quicksilver dragon zombies
  22 eidola
  2 mummy priests (Crypt:3)
  A fire dragon (shapeshifter) (Vaults:5)
  A merfolk javelineer (Depths:3)
  2 spectral quicksilver dragons
  2 green deaths
  18 jiangshi
  2 red draconians (Depths:4)
  An entropy weaver (Vaults:1)
  10 iron golems
  7 yaktaur captains
  6 ragged hierophants (Desolation)
  2 shambling mangroves
  An elf skeleton (Crypt:2)
  6 deep elf high priests
  24 vault guards
  4 servants of whispers (Desolation)
  2 spectral spriggans
  16 salamander tyrants
  23 hydras
  Erolcha (D:9)
  14 great orbs of eyes
  4 peacekeepers (Desolation)
  An ogre mage (Vaults:5)
  17 caustic shrike simulacra
  7 spriggan air magi
  7 rakshasas
  3 ghost crabs
  A merfolk avatar (Lair:5)
  5 ice dragons
  17 anacondas
  A hell beast (Depths:4)
  3 death knights
  6 ironbound frosthearts
  6 spriggan skeletons
  Erica (D:9)
  9 juggernaut simulacra
  8 stokers
  A catoblepas (Lair:5)
  14 centaur warriors
  12 alligators
  18 naga warriors
  3 deep troll earth magi
  9 two-headed ogres
  7 boulder beetles
  A sphinx skeleton (Crypt:2)
  32 dancing weapons
  8 deep troll shamans
  9 tengu warriors
  A two-headed ogre (shapeshifter) (Vaults:5)
  45 hell hogs
  7 vampire magi
  4 spectral nagas
  A spectral dire elephant (Tar:4)
  A shock serpent (shapeshifter) (Vaults:5)
  A spectral orc (Tar:2)
  2 titan zombies (Crypt:2)
  12 shock serpents
  21 naga sharpshooters
  A storm dragon zombie (Crypt:1)
  2 occultists
  6 hell knights
  7 soul eaters
  2 crystal echidnas
  8 spriggan berserkers
  5 sun demons
  A titan skeleton (Crypt:1)
  A fire crab (Lair:5)
  A wretched star (Abyss:2)
  8 iron trolls
  16 deep elf knights
  4 skysharks
  A bunyip zombie (Crypt:3)
  An anaconda zombie (Hell)
  6 salamander mystics
  23 shadow wraiths
  A spectral bunyip (Tar:2)
  24 skeletal warriors
  A storm dragon skeleton (D:15)
  52 deep trolls
  3 goliath frogs
  An iron giant zombie (Crypt:3)
  4 shadow demons
  2 spectral anacondas
  2 quicksilver dragon simulacra
  A glowing orange brain (Vaults:1)
  8 flayed ghosts
  10 bog bodies
  5 spriggan druids
  A shadow dragon zombie (Crypt:2)
  3 sixfirhies
  6 naga ritualists
  4 kraken simulacra (Coc:7)
  21 ironbound convokers
  A fenstrider witch simulacrum (Coc:1)
  13 deep elf archers
  An orange crystal statue (IceCv)
  8 arcanists
  23 deep elf zephyrmancers
  5 harpies (Vaults:3)
  10 swamp dragons
  A golden dragon skeleton (Crypt:1)
  10 orc knights
  5 spriggan simulacra
  17 phantasmal warriors
  3 lindwurms (Vaults:2)
  24 deep elf pyromancers
  12 mana vipers
  37 ugly things
  An alligator zombie (Hell)
  15 necromancers
  2 anaconda skeletons (Crypt:1)
  2 shadow dragon skeletons (Vaults:3)
  A spectral ettin (Tar:3)
  An orc sorcerer (Orc:2)
  A manticore (Lair:5)
  3 stone giant zombies
  4 cyclopes
  3 alligator skeletons
  A faun (shapeshifter) (Vaults:1)
  5 will-o-the-wisps
  25 salamanders
  7 shining eyes
  A shining eye (shapeshifter) (Elf:1)
  17 elephants
  8 guardian serpents
  3 centaur zombies
  9 meliai
  9 kobold blastminers
  A spectral centaur (Tar:1)
  Joseph (D:8)
  An iron dragon skeleton (Crypt:1)
  A guardian serpent (shapeshifter) (D:15)
  A formless jellyfish zombie (Crypt:2)
  32 black mambas
  4 eyes of devastation
  4 orange demons (Hell)
  A dire elephant zombie (Crypt:2)
  5 titan simulacra
  2 torpor snails
  10 ice statues
  An eye of devastation (shapeshifter) (Vaults:5)
  21 naga magi
  9 vault sentinels
  5 rust devils (Hell)
  Maggie (D:9)
  10 molten gargoyles
  4 smoke demons (Hell)
  An unseen horror (D:12)
  11 cane toads
  2 large abominations (Abyss:2)
  5 centaur skeletons
  12 freezing wraiths
  3 naga skeletons
  Jeremiah (D:7)
  An elephant slug zombie (Crypt:3)
  16 hellions
  3 bunyip simulacra
  4 anaconda simulacra
  9 rime drakes
  A red draconian zombie (Crypt:3)
  5 komodo dragons
  A yaktaur (shapeshifter) (Elf:1)
  7 dire elephant skeletons
  8 tengu conjurers
  8 guardian mummies (Crypt:3)
  8 ice devils
  23 tormentors
  An efreet (D:15)
  2 kobold demonologists
  Psyche (D:9)
  2 ancient zymes (Abyss:2)
  2 white draconian skeletons (Crypt:1)
  16 yaktaurs
  A golden dragon simulacrum (Coc:7)
  A silent spectre (Tar:5)
  A merfolk (shapeshifter) (Elf:1)
  A merfolk (D:8)
  10 trolls
  5 iron giant simulacra
  4 spectral harpies
  4 polar bears
  3 harpy zombies (Crypt:2)
  A raiju (Abyss:2)
  A shadow dragon simulacrum (Vaults:3)
  27 saltlings (Desolation)
  A wind drake (Lair:5)
  A grey draconian skeleton (Crypt:3)
  5 tyrant leeches
  8 harpy skeletons
  3 glass eyes
  A snapping turtle (Lair:5)
  7 blink frogs
  31 dream sheep
  20 hornets
  An ice dragon zombie (Crypt:1)
  An iron dragon simulacrum (Coc:4)
  2 spriggan zombies
  A slime creature (shapeshifter) (Elf:1)
  3 stone giant simulacra
  A centaur simulacrum (Coc:2)
  4 air elementals
  83 slime creatures
  13 dire elephant simulacra
  11 water elementals
  2 ettin skeletons
  A guardian serpent skeleton (Crypt:1)
  A ynoxinul (Depths:2)
  A vampire (D:9)
  18 spriggans
  2 small abominations (Abyss:2)
  A black mamba zombie (Crypt:1)
  2 fire elementals (Elf:1)
  49 yaks
  10 wraiths
  5 wyverns
  A wind drake zombie (Crypt:2)
  10 golden eyes
  3 wargs (Orc:1)
  2 ushabtiu (Crypt:3)
  2 basilisks (Lair:2)
  A human (shapeshifter) (D:14)
  An alligator snapping turtle simulacrum (Coc:3)
  2 black mamba skeletons (Crypt:1)
  A golden eye (shapeshifter) (Elf:1)
  7 vampire mosquitoes
  3 redbacks (Vaults:1)
  A deep troll zombie (Crypt:3)
  5 steam dragons
  20 harpy simulacra
  45 nagas
  14 swamp worms
  A two-headed ogre zombie (Crypt:2)
  3 acid dragons
  A hydra simulacrum (Hell)
  12 water moccasins
  2 deep troll skeletons (Crypt:1)
  37 orc warriors
  A dream sheep zombie (Crypt:1)
  2 ettin simulacra
  3 ice beasts
  5 black bears
  9 swamp drakes
  A human zombie (Vaults:3)
  15 laughing skulls
  3 ogres
  A wolf (shapeshifter) (Elf:1)
  3 boggarts (Vaults:2)
  16 wolves
  15 centaurs
  A swamp dragon skeleton (Crypt:1)
  5 kobold brigands
  A rime drake zombie (Crypt:3)
  A brain worm (Abyss:2)
  A yaktaur skeleton (Crypt:1)
  12 bullfrogs
  4 gnoll sergeants
  5 scorpions
  A rime drake skeleton (Crypt:1)
  5 necrophages
  2 earth elementals
  5 naga simulacra
  A swamp dragon simulacrum (Coc:1)
  2 lindwurm simulacra (IceCv)
  16 killer bees
  2 howler monkeys (D:9)
  A crimson imp (D:4)
  3 bombardier beetles (D:5)
  11 orc priests
  9 starcursed masses (Abyss:2)
  3 hounds
  2 jellies (D:6)
  2 gnoll boudas
  20 orc wizards
  6 iguanas
  4 polar bear simulacra (Lair:3)
  3 wolf simulacra (Lair:3)
  A yak simulacrum (Lair:3)
  An acid dragon zombie (Crypt:2)
  A crocodile skeleton (Crypt:2)
  A tengu skeleton (Crypt:2)
  Robin (D:4)
  23 gnolls
  4 adders
  2 shadow imps (D:7)
  4 white imps
  2 ufetubi (D:5)
  An adder skeleton (Crypt:2)
  3 dart slugs
  68 orcs
  11 endoplasms
  3 giant cockroaches
  10 goblins
  12 hobgoblins
  4 jackals
  2 quokkas
  6 ball pythons
  A ball python zombie (Crypt:3)
  7 bats
  A bombardier beetle zombie (Crypt:1)
  4 frilled lizards
  A gnoll zombie (Crypt:1)
  8 kobolds
  3 rats
  3 river rat simulacra (Lair:3)
  4 creeping infernos
  9 fire vortices
  A starspawn tentacle (Abyss:2)
  2 tentacles (Coc:7)
3007 creatures vanquished.

Vanquished Creatures (collateral kills)
  Ereshkigal (Tar:7)
  Nikola (Snake:4)
  A Tzitzimitl (Tar:7)
  Mlioglotl (Swamp:3)
  A thorn hunter (Swamp:3)
  3 reapers (Hell)
  A spectral quicksilver dragon (Tar:1)
  2 hydras (Swamp:3)
  A spectral spriggan (Tar:1)
  A spriggan air mage (Depths:4)
  An alligator (Swamp:3)
  3 dancing weapons (Elf:2)
  An orc high priest (Orc:2)
  A soul eater (Hell)
  Sonja (D:11)
  A deep elf zephyrmancer (Elf:2)
  A bog body (Swamp:3)
  A deep elf pyromancer (Elf:2)
  An alligator skeleton (Hell)
  3 rust devils (Hell)
  3 smoke demons (Hell)
  An orange demon (Hell)
  2 freezing wraiths (IceCv)
  2 ice devils (Hell)
  A hellion (Geh:7)
  An anaconda simulacrum (IceCv)
  A red devil (Hell)
  A troll (Orc:2)
  A slime creature (Slime:5)
  A dire elephant simulacrum (IceCv)
  A swamp worm (Swamp:3)
  An ettin simulacrum (IceCv)
  A lindwurm simulacrum (IceCv)
  4 orcs (Orc:2)
48 creatures vanquished.

Vanquished Creatures (others)
  A storm dragon (Vaults:5)
  A nargun (Coc:2)
  2 shard shrike simulacra (Coc:7)
  A deep elf high priest (Elf:3)
  A vault guard (Vaults:5)
  A juggernaut simulacrum (Coc:7)
  2 caustic shrike simulacra
  A stoker (Geh:4)
  2 quicksilver dragon simulacra (Coc:7)
  A kraken simulacrum (Coc:7)
  2 spriggan simulacra
  A deep elf zephyrmancer (Elf:2)
  An ugly thing (Depths:1)
  A hellion (Geh:7)
  An ice devil (Coc:2)
  2 golden dragon simulacra
  5 saltlings (Desolation)
  A centaur simulacrum (Coc:2)
  A culicivora (shapeshifter) (Elf:1)
  A dire elephant simulacrum (Coc:7)
  2 naga simulacra
  2 harpy simulacra
  A hydra simulacrum (Coc:6)
  An ice dragon simulacrum (Coc:2)
  An ettin simulacrum (Coc:7)
  A creeping inferno (Geh:7)
  8 foxfires
  3 starspawn tentacles (Abyss:2)
  13 tentacles (Coc:7)
61 creatures vanquished.

Grand Total: 3116 creatures vanquished

Notes
Turn   | Place    | Note
-------+----------+-------------------------------------------
     0 | D:1      | Dirtsage the Octopode Shapeshifter began the quest for the
                  | Orb.
     0 | D:1      | Reached XP level 1. HP: 13/13 MP: 1/1
   130 | D:1      | Reached XP level 2. HP: 15/18 MP: 2/2
   268 | D:1      | Reached XP level 3. HP: 13/23 MP: 3/3
   353 | D:1      | Found a faded altar of an unknown god.
  1290 | D:3      | Reached XP level 4. HP: 29/29 MP: 4/4
  2185 | D:4      | Reached XP level 5. HP: 24/34 MP: 5/5
  2390 | D:4      | Noticed Robin
  2408 | D:4      | Killed Robin
  2667 | D:4      | Reached XP level 6. HP: 40/41 MP: 6/6
  2917 | D:4      | Found a staircase to the Ecumenical Temple.
  2947 | Temple   | Entered the Ecumenical Temple
  2981 | D:4      | Noticed a black bear
  2988 | D:4      | Killed a black bear
  2989 | D:4      | Reached skill level 5 in Shapeshifting
  2989 | D:4      | Reached XP level 7. HP: 36/46 MP: 7/7
  3050 | D:4      | Found a burning altar of Makhleb.
  3482 | D:5      | Entered Level 5 of the Dungeon
  4237 | D:5      | Found an opulent altar of Gozag.
  4247 | D:5      | Reached XP level 8. HP: 54/54 MP: 8/8
  4352 | D:5      | Found a white marble altar of Elyvilon.
  4680 | D:6      | Reached skill level 5 in Unarmed Combat
  4821 | D:6      | Noticed a rust devil
  4968 | D:6      | Noticed a rust devil
  5016 | D:6      | Reached skill level 5 in Dodging
  5067 | D:6      | Found a radiant altar of Vehumet.
  5709 | D:7      | Reached skill level 5 in Fighting
  5709 | D:7      | Reached XP level 9. HP: 61/61 MP: 9/9
  6517 | D:8      | Noticed Jeremiah
  6663 | D:7      | Killed Jeremiah
  6909 | D:8      | Reached XP level 10. HP: 62/68 MP: 10/10
  7187 | D:8      | Found Pufausk's Jewellery Boutique.
  7196 | D:8      | Bought a ring of willpower for 350 gold pieces
  7542 | D:9      | Reached skill level 1 in Ice Magic
  7936 | D:9      | Noticed Erica
  7939 | D:9      | Noticed Erolcha
  7946 | D:9      | Reached skill level 2 in Ice Magic
  7953 | D:9      | Killed Erica
  8155 | D:8      | Noticed Joseph
  8168 | D:8      | Killed Joseph
  8169 | D:8      | Reached XP level 11. HP: 41/75 MP: 11/11
  8289 | D:8      | Reached skill level 10 in Shapeshifting
  8555 | D:8      | Reached skill level 3 in Ice Magic
  8592 | D:8      | Identified the +10 dire flail "Killer Bee's Death" {elec,
                  | rElec rC+}
  8597 | D:8      | Found a shimmering altar of Xom.
  8891 | D:9      | Noticed Psyche
  8898 | D:9      | Killed Psyche
  9127 | D:9      | Noticed Maggie
  9154 | D:9      | Killed Maggie
  9332 | D:9      | Found a glowing golden altar of the Shining One.
  9364 | D:9      | Became a worshipper of the Shining One
  9521 | D:9      | Found a staircase to the Lair.
  9603 | D:9      | Found an ancient bone altar of Kikubaaqudgha.
  9615 | D:9      | Killed Erolcha
  9728 | D:9      | Found an iron altar of Okawaru.
  9868 | D:9      | Identified the serpent talisman "Urghar" {Dex+5 Stlth+}
 10047 | D:10     | Entered Level 10 of the Dungeon
 10092 | D:10     | Learned a level 3 spell: Ozocubu's Armour
 10341 | D:10     | Found a glowing silver altar of Zin.
 10351 | D:10     | Reached skill level 4 in Ice Magic
 10355 | D:10     | Identified the +3 chain mail of Taaral {Str-3 Int+3 Stlth+}
 10604 | D:10     | Noticed an arcanist
 10612 | D:10     | Killed an arcanist
 10852 | D:10     | Noticed a two-headed ogre
 10864 | D:10     | Killed a two-headed ogre
 10865 | D:10     | Reached skill level 1 in Invocations
 10968 | Lair:1   | Entered Level 1 of the Lair of Beasts
 11218 | Lair:1   | Reached skill level 1 in Conjurations
 11218 | Lair:1   | Reached skill level 1 in Air Magic
 11242 | Lair:1   | Reached XP level 12. HP: 83/83 MP: 10/13
 11336 | Lair:1   | Reached * piety under the Shining One
 11744 | Lair:1   | Reached skill level 5 in Ice Magic
 12162 | Lair:2   | Noticed a boulder beetle
 12184 | Lair:2   | Killed a boulder beetle
 12591 | Lair:2   | Noticed a five-headed hydra
 12748 | Lair:2   | Killed a five-headed hydra
 12755 | Lair:2   | Learned a level 5 spell: Freezing Cloud
 12902 | Lair:2   | Found a staircase to the Snake Pit.
 13125 | Lair:2   | Noticed a four-headed hydra
 13132 | Lair:2   | Killed a four-headed hydra
 13154 | Lair:2   | Reached skill level 6 in Ice Magic
 13332 | Lair:2   | Found a staircase to the Swamp.
 13334 | Lair:2   | Reached ** piety under the Shining One
 13335 | Lair:2   | Reached XP level 13. HP: 90/90 MP: 16/16
 13436 | Lair:2   | Found a shimmering blue altar of Sif Muna.
 14011 | Lair:3   | Reached skill level 5 in Invocations
 15050 | Lair:3   | Reached *** piety under the Shining One
 15058 | Lair:3   | Reached skill level 5 in Conjurations
 15141 | Lair:4   | Reached skill level 10 in Unarmed Combat
 15177 | Lair:4   | Reached skill level 10 in Dodging
 15177 | Lair:4   | Reached skill level 5 in Air Magic
 15660 | Lair:4   | Reached skill level 7 in Ice Magic
 15686 | Lair:4   | Reached skill level 10 in Fighting
 16097 | Lair:4   | Reached XP level 14. HP: 99/99 MP: 14/18
 16177 | Lair:4   | Found a runed translucent gate.
 16177 | Lair:4   | Found a runed translucent gate.
 16179 | Lair:4   | Found a runed translucent gate.
 16180 | Lair:4   | Noticed Urontig's ghost (journeyman AtMo)
 16221 | Lair:4   | Found a staircase to the Slime Pits.
 16524 | Lair:4   | Identified a scroll of acquirement
 16553 | Lair:4   | Acquired 792 gold pieces
 16691 | D:8      | Bought a +5 ring of evasion for 504 gold pieces
 16691 | D:8      | Bought a +5 ring of evasion for 504 gold pieces
 16805 | Lair:5   | Entered Level 5 of the Lair of Beasts
 17397 | Lair:5   | Acquired 856 gold pieces
 17545 | Lair:5   | Reached **** piety under the Shining One
 17675 | Lair:5   | Found a sacrificial altar of Ru.
 18024 | Lair:5   | Reached skill level 8 in Ice Magic
 18539 | D:11     | Noticed Sonja
 18540 | D:11     | Killed Sonja
 19350 | D:12     | Found a staircase to the Orcish Mines.
 20145 | D:13     | Noticed a frost giant
 20159 | D:13     | Killed a frost giant
 20352 | D:13     | Reached XP level 15. HP: 106/106 MP: 15/21
 20468 | D:13     | Found Ophiumpuzie's Tiny Tomes.
 20794 | D:13     | Found Osiotul's Book Emporium.
 20886 | D:13     | Reached ***** piety under the Shining One
 20917 | D:13     | Found a gate to the Vaults.
 22244 | D:15     | Entered Level 15 of the Dungeon
 22416 | D:15     | Reached skill level 9 in Ice Magic
 22465 | D:15     | Noticed Ifijom's ghost (adept NaSh)
 22467 | D:15     | Found a transporter.
 22467 | D:15     | Noticed a frost giant
 22627 | D:15     | Found a staircase to the Depths.
 22861 | D:15     | Found a transporter.
 23710 | Orc:1    | Entered Level 1 of the Orcish Mines
 23904 | Orc:2    | Entered Level 2 of the Orcish Mines
 24089 | Orc:2    | Found a staircase to the Elven Halls.
 25060 | Orc:2    | Reached XP level 16. HP: 114/114 MP: 17/22
 25461 | Orc:2    | Found Onnac's Jewellery Emporium.
 25461 | Orc:2    | Found Qiruor's Armour Shop.
 25479 | Orc:2    | Found Luad's Book Shoppe.
 25493 | Orc:2    | Bought an amulet of reflection for 330 gold pieces
 26035 | Swamp:1  | Entered Level 1 of the Swamp
 26578 | Swamp:1  | Reached ****** piety under the Shining One
 26779 | Swamp:2  | Reached skill level 10 in Ice Magic
 27690 | Swamp:3  | Noticed Mlioglotl
 27698 | Swamp:3  | Killed Mlioglotl
 27699 | Swamp:3  | Reached skill level 10 in Conjurations
 27699 | Swamp:3  | Reached skill level 10 in Air Magic
 27780 | Swamp:3  | Noticed a thorn hunter
 27790 | Swamp:3  | Killed a thorn hunter
 27791 | Swamp:3  | Reached skill level 1 in Evocations
 27806 | Swamp:3  | Reached skill level 1 in Spellcasting
 28196 | Swamp:3  | Noticed Louise
 28229 | Swamp:3  | Killed Louise
 28630 | Swamp:4  | Entered Level 4 of the Swamp
 29226 | Swamp:3  | Reached XP level 17. HP: 108/119 MP: 24/24
 29840 | Swamp:4  | Noticed the 27-headed Lernaean hydra
 30498 | Swamp:4  | Got a decaying rune of Zot
 30696 | Swamp:4  | Killed the 27-headed Lernaean hydra
 30840 | Swamp:4  | Found a runed translucent door.
 30841 | Swamp:4  | Noticed PanSaczeczos's ghost (adept SpIE)
 30892 | Swamp:4  | Killed PanSaczeczos's ghost
 31441 | D:8      | Bought a granite talisman for 840 gold pieces
 31531 | Snake:1  | Entered Level 1 of the Snake Pit
 32102 | Snake:1  | Found Heelusi's Book Shop.
 32102 | Snake:1  | Found Wetiv's Book Boutique.
 32103 | Snake:1  | Found Xoizeequ's Jewellery Shop.
 32107 | Snake:1  | Found Omeseis's Book Boutique.
 32349 | Snake:1  | Found Colez's General Store.
 32736 | Snake:2  | Reached skill level 1 in Translocations
 33691 | Snake:2  | Reached XP level 18. HP: 127/127 MP: 25/25
 34365 | Snake:3  | Found a radiant altar of Vehumet.
 35276 | Snake:3  | Noticed Vashnia
 35290 | Snake:3  | Killed Vashnia
 36023 | Snake:4  | Entered Level 4 of the Snake Pit
 36184 | Snake:4  | Reached skill level 5 in Spellcasting
 36251 | Snake:4  | Found Rusovu's Antique Armour Shop.
 36253 | Snake:4  | Identified the +1 pair of gloves of the Forest {Str+8}
 36253 | Snake:4  | Noticed Nikola
 36262 | Snake:4  | Killed Nikola
 36438 | Snake:4  | Found a frozen archway.
 36446 | IceCv    | Entered an ice cave
 36466 | IceCv    | Found a transporter.
 36472 | IceCv    | Found a transporter.
 37493 | Snake:4  | Reached XP level 19. HP: 135/135 MP: 21/27
 37684 | Snake:4  | Got a serpentine rune of Zot
 37773 | Snake:4  | Noticed Bai Suzhen
 37788 | Snake:4  | Killed Bai Suzhen
 38134 | Snake:4  | Noticed Roxanne
 38145 | Snake:4  | Killed Roxanne
 38337 | Snake:4  | Identified the +7 mace "Gohec" {freeze, Str+5}
 38453 | Snake:4  | Reached skill level 15 in Unarmed Combat
 38624 | Snake:4  | Reached skill level 5 in Translocations
 40056 | Snake:1  | Bought an amulet of regeneration for 540 gold pieces
 40303 | Orc:2    | Bought a book of Lightning for 504 gold pieces
 40308 | Orc:2    | Learned a level 4 spell: Vhi's Electric Charge
 40313 | Orc:2    | Learned a level 4 spell: Manifold Assault
 40450 | Depths:1 | Entered Level 1 of the Depths
 40491 | Depths:1 | Found Cagemer's Magic Scroll Shop.
 40709 | Depths:1 | Reached skill level 15 in Shapeshifting
 41019 | Depths:1 | Found a gateway to Hell.
 41067 | Depths:1 | Found a runed translucent gate.
 41067 | Depths:1 | Found a runed translucent gate.
 41067 | Depths:1 | Noticed Guam's ghost (adept HOMo)
 41068 | Depths:1 | Found a runed translucent gate.
 41301 | Depths:1 | Found a viscous altar of Jiyva.
 41344 | Hell     | Entered the Vestibule of Hell
 41345 | Hell     | Noticed Geryon
 41625 | Depths:2 | Noticed a juggernaut
 41906 | Depths:2 | Reached XP level 20. HP: 143/143 MP: 18/30
 42091 | Depths:2 | Killed a juggernaut
 42294 | Depths:2 | Found a glowing silver altar of Zin.
 42410 | Depths:2 | Identified the +10 quarterstaff of Floods {pain, rC+ Str+4
                  | Dex+2}
 42426 | Depths:2 | Noticed a golden dragon
 42434 | Depths:2 | Killed a golden dragon
 42489 | Depths:2 | Got Jim Turph's Octavo of Minerals and Fascination
 42584 | Depths:2 | Found a one-way gate leading to the halls of Pandemonium.
 42890 | Depths:3 | Noticed a caustic shrike
 42890 | Depths:3 | Noticed a caustic shrike
 42895 | Depths:3 | Noticed a caustic shrike
 42905 | Depths:3 | Killed a caustic shrike
 42906 | Depths:3 | Noticed a caustic shrike
 42967 | Depths:2 | Killed a caustic shrike
 43050 | Depths:3 | Noticed a caustic shrike
 43059 | Depths:3 | Killed a caustic shrike
 43064 | Depths:3 | Killed a caustic shrike
 43070 | Depths:3 | Killed a caustic shrike
 43647 | Depths:3 | Noticed a golden dragon
 43657 | Depths:3 | Killed a golden dragon
 43667 | Depths:3 | Reached XP level 21. HP: 142/149 MP: 30/32
 43667 | Depths:3 | Noticed an ancient lich
 43830 | Depths:3 | Killed an ancient lich
 43898 | Depths:3 | Identified the +12 spear "Becu" {protect, rElec rPois rC+
                  | MP+9}
 44316 | Depths:3 | Found a one-way gate to the infinite horrors of the Abyss.
 44354 | Depths:3 | Reached skill level 15 in Fighting
 44453 | Depths:3 | Noticed a juggernaut
 44466 | Depths:3 | Killed a juggernaut
 44613 | Depths:3 | Noticed a golden dragon
 44625 | Depths:3 | Killed a golden dragon
 44667 | Depths:3 | Found the +3 salamander hide armour {Flames, rFlCloud rF++
                  | rC--}
 44851 | Depths:4 | Entered Level 4 of the Depths
 44852 | Depths:4 | Identified the orb "Ypaha" {light, rC+ Dex+4 Tloc}
 44852 | Depths:4 | Noticed Frederick
 44876 | Depths:4 | Found a one-way gateway to a ziggurat.
 44894 | Depths:4 | Noticed the Enchantress
 44904 | Abyss:2  | Found a corrupted altar of Lugonu.
 44904 | Abyss:2  | Cast into level 2 of the Abyss (the Enchantress)
 45101 | Abyss:2  | Paralysed by accursed screaming for 1 turns
 45172 | Depths:4 | Escaped the Abyss
 45196 | Depths:4 | Killed the Enchantress
 45427 | Depths:4 | Killed Frederick
 45517 | Depths:4 | Identified the +8 hand axe of the Weasel {pain, *Slow rF+
                  | rN++ Stlth+}
 45683 | Depths:4 | Noticed a bone dragon
 45696 | Depths:4 | Killed a bone dragon
 45799 | Depths:4 | Reached skill level 10 in Invocations
 45918 | Depths:4 | Reached XP level 22. HP: 158/158 MP: 30/35
 45930 | Depths:4 | Found a gate to the Realm of Zot.
 46294 | Vaults:1 | Entered Level 1 of the Vaults
 46954 | Vaults:1 | Identified the +5 scale mail of the Disbelieving Gods
                  | {Regen+}
 47591 | Vaults:2 | Found a crumbling gateway.
 47613 | Vaults:2 | Found a glowing golden altar of the Shining One.
 47613 | Vaults:2 | Found a glowing silver altar of Zin.
 47614 | Vaults:2 | Found a white marble altar of Elyvilon.
 47632 | Desolati | Entered the Desolation of Salt
 47706 | Desolati | Found the +10 zealot's sword {holy, Zealotry, *Rage rN+
                  | EV+3}
 47733 | Desolati | Got the Anthology of the Chilling Oath
 47744 | Desolati | Identified the +4 rapier of the Ghost {drain, Str+4 Int+2}
 47754 | Desolati | Identified the +4 ring mail of the King of the Hill {rC-
                  | Str+7}
 47774 | Desolati | Identified the ring of Xom's Anger {rF- rCorr Dex+6 Slay+4
                  | SInv}
 47789 | Desolati | Identified the +8 great mace of Dirtsage's Quick Death
                  | {heavy, MP+9 Str+3 Dex+2}
 47819 | Desolati | Identified the +3 battleaxe of Wuech {venom, rElec Str+2
                  | Int+3}
 47819 | Desolati | Identified the ring of Heaxek {Dex+3 SInv}
 47833 | Desolati | Reached skill level 10 in Translocations
 47834 | Desolati | Reached skill level 10 in Spellcasting
 47842 | Desolati | Identified the amulet "Moneer" {Acrobat Int+3}
 47887 | Desolati | Got the Handbook of Minerals and Freezing
 47889 | Desolati | Got the Folio of the Blizzard and Sciomancy
 47904 | Desolati | Identified the +6 war axe "Beetle's Undoing" {protect, rF++
                  | rC+++ rCorr Str-5}
 48127 | Desolati | Identified the +5 quarterstaff of Charity {speed, rF+ rC+
                  | Will+}
 48990 | Vaults:2 | Reached XP level 23. HP: 163/163 MP: 31/37
 49441 | Vaults:3 | Found Locirosi's Jewellery Boutique.
 49449 | Vaults:3 | Upgraded the game from 0.31-a0-1496-g79c7dd0eeb to
                  | 0.31-a0-1522-g43313d8a59
 49720 | Vaults:3 | Found a portal to a secret trove of treasure.
 50349 | Vaults:3 | Found a staircase to the Crypt.
 50667 | Vaults:3 | Found Tumnyn's Armour Emporium.
 51459 | Orc:2    | Bought a +2 hat of see invisible for 315 gold pieces
 51666 | Vaults:3 | Bought the ring of the Mage {Wiz Archmagi} for 918 gold
                  | pieces
 51666 | Vaults:3 | Found the ring of the Mage {Wiz Archmagi}
 51696 | Vaults:3 | Reached skill level 1 in Shields
 51906 | Vaults:4 | Reached skill level 5 in Shields
 52900 | Elf:1    | Entered Level 1 of the Elven Halls
 52904 | Elf:1    | Paralysed by an air elemental for 1 turns
 52961 | Elf:1    | Noticed Zenata
 52966 | Elf:1    | Killed Zenata
 53458 | Elf:1    | Noticed Donald
 53464 | Elf:1    | Killed Donald
 53699 | Elf:1    | Got the Elucidation of Assembled Confrontation
 54086 | Elf:2    | Found a runed translucent gate.
 54086 | Elf:2    | Found a runed translucent gate.
 54086 | Elf:2    | Found a runed translucent gate.
 54107 | Elf:2    | Reached XP level 24. HP: 170/170 MP: 38/38
 54188 | Elf:2    | Reached skill level 10 in Shields
 54279 | Elf:2    | Found Duf Fuo's Distillery.
 54282 | Elf:2    | Bought a potion of curing for 45 gold pieces
 54282 | Elf:2    | Bought a potion of heal wounds for 75 gold pieces
 54282 | Elf:2    | Bought a potion of curing for 45 gold pieces
 54282 | Elf:2    | Bought a potion of curing for 45 gold pieces
 55294 | Elf:3    | Entered Level 3 of the Elven Halls
 55555 | Elf:3    | Found Miamiro's Magic Scroll Shoppe.
 56137 | Elf:3    | Identified the +9 glaive of Famine {freeze, rPois SInv}
 56137 | Elf:3    | Identified the ring of Bexa {rElec MP+9}
 56352 | Elf:3    | Found the amulet of Vitality {RegenMP++ Regen++}
 56372 | Elf:3    | Got the Omnibus of the Map
 56384 | Elf:3    | Got the Compilation of Transposed Feathers
 56388 | Elf:3    | Identified the +10 ice dragon scales "Lofyac" {rF- rC++
                  | Regen+ Dex-2 Stlth+}
 56457 | Elf:3    | Learned a level 5 spell: Arcjolt
 56758 | Slime:1  | Entered Level 1 of the Pits of Slime
 56783 | Slime:2  | Noticed Dissolution
 56789 | Slime:2  | Killed Dissolution
 56799 | Slime:2  | Reached skill level 11 in Ice Magic
 56961 | Slime:1  | Reached XP level 25. HP: 175/175 MP: 32/38
 57112 | Slime:5  | Entered Level 5 of the Pits of Slime
 57204 | Slime:5  | Noticed the Royal Jelly
 57492 | Slime:5  | Gained mutation: You have hidden genetic defects. [a
                  | shining eye]
 57526 | Slime:5  | Gained mutation: You are dopey. (Int -2) [a shining eye]
 57552 | Slime:5  | Killed the Royal Jelly
 57580 | Slime:5  | Lost mutation: You are dopey. (Int -2) [potion of mutation]
 57580 | Slime:5  | Lost mutation: You have hidden genetic defects. [potion of
                  | mutation]
 57580 | Slime:5  | Gained mutation: Your muscles are strong. (Str +4, Int/Dex
                  | -1) [potion of mutation]
 57580 | Slime:5  | Gained mutation: You have hidden genetic potential. [potion
                  | of mutation]
 57580 | Slime:5  | Gained mutation: You passively map a small area around you.
                  | [potion of mutation]
 57580 | Slime:5  | Gained mutation: You are partially covered in iridescent
                  | scales. (AC +2) [potion of mutation]
 57644 | Slime:5  | Identified the +5 long sword "Cujorup" {speed, rPois}
 57675 | Slime:5  | Got a slimy rune of Zot
 57722 | Slime:5  | Identified the +1 short sword "Wiff" {elec, ^Drain rElec
                  | Int+2}
 58548 | Vaults:5 | Entered Level 5 of the Vaults
 58551 | Vaults:5 | Noticed an ancient lich
 58560 | Vaults:5 | Noticed a dread lich
 58581 | Vaults:5 | Killed a dread lich
 58626 | Vaults:5 | Identified the +5 mace of Descent {protect, rF- rC+ Str+3
                  | Stlth+}
 58648 | Vaults:5 | Noticed a dread lich
 58654 | Vaults:5 | Killed a dread lich
 58732 | Vaults:5 | Reached skill level 12 in Ice Magic
 58762 | Vaults:5 | Reached skill level 15 in Shields
 58795 | Vaults:5 | Noticed a dread lich
 58801 | Vaults:5 | Identified the amulet "Funin" {rC++ Regen+}
 58805 | Vaults:5 | Killed a dread lich
 58812 | Vaults:5 | Reached skill level 15 in Invocations
 58812 | Vaults:5 | Killed an ancient lich
 58861 | Vaults:5 | Reached XP level 26. HP: 181/181 MP: 38/38
 58877 | Vaults:5 | Identified the +0 broad axe "Bastezam" {chaos, rPois}
 58878 | Vaults:5 | Noticed an ancient lich
 58891 | Vaults:5 | Killed an ancient lich
 58902 | Vaults:5 | Identified the ring "Qurchounukh" {Wiz +Blink}
 58986 | Vaults:5 | Gained mutation: Your body sometimes deteriorates upon
                  | taking damage. [a shining eye]
 59009 | Vaults:5 | Reached skill level 13 in Ice Magic
 59128 | Vaults:5 | Identified the +5 whip of Wounding {drain, Int+3}
 59171 | Vaults:5 | Found the +7 Spriggan's Knife {stab, EV+4 Stlth+}
 59316 | Vaults:5 | Found Namn's Magic Scroll Shoppe.
 59324 | Vaults:5 | Bought a scroll of teleportation for 57 gold pieces
 59324 | Vaults:5 | Bought a scroll of acquirement for 988 gold pieces
 59324 | Vaults:5 | Bought a scroll of blinking for 142 gold pieces
 59324 | Vaults:5 | Acquired 924 gold pieces
 59331 | Vaults:5 | Got a silver rune of Zot
 59805 | Crypt:1  | Entered Level 1 of the Crypt
 59830 | Crypt:1  | Identified the serpent talisman of Ukhom {Str-3 Int+8 Dex+4
                  | Slay-2}
 59830 | Crypt:1  | Noticed Aizul
 59839 | Crypt:1  | Killed Aizul
 59858 | Crypt:1  | Gained mutation: You are mostly covered in iridescent
                  | scales. (AC +4) [hidden potential]
 59879 | Crypt:1  | Noticed Xtahua
 59895 | Crypt:1  | Killed Xtahua
 59931 | Crypt:1  | Noticed Boris
 59937 | Crypt:1  | Killed Boris
 60645 | Crypt:1  | Identified the +5 trident "Uhav" {holy, rElec rF- rCorr
                  | Str+3}
 61429 | Crypt:2  | Reached skill level 14 in Ice Magic
 61502 | Crypt:2  | Reached XP level 27. HP: 187/187 MP: 38/38
 61605 | Crypt:3  | Entered Level 3 of the Crypt
 61845 | Crypt:3  | Gained mutation: Your muscles are very strong. (Str +8,
                  | Int/Dex -2) [hidden potential]
 61845 | Crypt:3  | Lost mutation: You have hidden genetic potential. [hidden
                  | potential expressed]
 61893 | Crypt:3  | Found an ancient bone altar of Kikubaaqudgha.
 61899 | Crypt:3  | Found a basalt altar of Yredelemnul.
 61958 | Crypt:3  | Found the +8 longbow "Zephyr" {speed, Dex+3 SInv}
 61975 | Crypt:3  | Identified the +0 leather armour of Xinupt {Str+4}
 62160 | Crypt:3  | Found a staircase to the Tomb.
 62254 | Crypt:3  | Found a runed translucent door.
 62255 | Crypt:3  | Noticed Laziaso's ghost (adept GrFi)
 62692 | Crypt:3  | Killed Laziaso's ghost
 63120 | Vaults:3 | You paid a toll of 19 potions of curing to enter a treasure
                  | trove
 63121 | Trove    | Entered a treasure trove
 63126 | Trove    | Found the +11 Singing Sword {sonic wave}
 63129 | Trove    | Identified the ring of Leutudej {Fire Will+ rCorr Str+3}
 63140 | Trove    | Identified the +0 hat of Minor Irritation {Rampage}
 63153 | Trove    | Identified the +1 hat "Jujuchor" {Rampage Str+2 Int+2
                  | Slay-2}
 63171 | Trove    | Identified the ring "Wifritta" {rC- rN++ AC+4}
 63791 | D:15     | Killed Ifijom's ghost
 64072 | Lair:4   | Killed Urontig's ghost
 64418 | Depths:1 | Killed Guam's ghost
 64502 | Hell     | Killed Geryon
 64530 | Hell     | Gained mutation: Your health recovers twice as slowly from
                  | being drained. [a cacodemon]
 64540 | Hell     | Reached skill level 15 in Ice Magic
 64634 | Hell     | Found a gateway to the decaying netherworld of Tartarus.
 64691 | Hell     | Found a gateway to the freezing wastes of Cocytus.
 64784 | Hell     | Found a gateway to the Iron City of Dis.
 64849 | Hell     | Found a gateway to the ashen valley of Gehenna.
 65020 | Tar:1    | Entered Level 1 of Tartarus
 65105 | Tar:1    | You fall into a shaft and drop 1 floor!
 65592 | Tar:3    | Reached skill level 16 in Ice Magic
 66045 | Tar:5    | Found a runed translucent door.
 66473 | Tar:7    | Entered Level 7 of Tartarus
 66541 | Tar:7    | Noticed a dread lich
 66546 | Tar:7    | Killed a dread lich
 66637 | Tar:7    | Reached skill level 17 in Ice Magic
 66696 | Tar:7    | Learned a level 9 spell: Polar Vortex
 66997 | Tar:7    | Identified the staff of the Firefly {+Blink rPois rF+ rN++
                  | Str-4 Fire}
 67001 | Tar:7    | Identified the +1 orcbow "Nefam" {drain, rC+}
 67019 | Tar:7    | Reached skill level 18 in Ice Magic
 67079 | Tar:7    | Noticed an ancient lich
 67079 | Tar:7    | Noticed a dread lich
 67086 | Tar:7    | Killed a dread lich
 67087 | Tar:7    | Killed an ancient lich
 67187 | Tar:7    | Noticed a dread lich
 67194 | Tar:7    | Killed a dread lich
 67232 | Tar:7    | Noticed the Serpent of Hell
 67245 | Tar:7    | Killed the Serpent of Hell
 67252 | Tar:7    | Reached skill level 19 in Ice Magic
 67259 | Tar:7    | Noticed Ereshkigal
 67269 | Tar:7    | Killed Ereshkigal
 67380 | Tar:7    | Got Hermeneutics in Simple Steps
 67400 | Tar:7    | Identified the +5 great sword of Youthful Indiscretion
                  | {drain, MP+9 Int-3 Dex+6}
 67408 | Tar:7    | Identified the +5 rapier of Doom {chaos, Will+ Str+6 Dex-5
                  | Stlth+}
 67526 | Tar:7    | Got a bone rune of Zot
 67583 | Tar:7    | Identified the ring "Qiopta Ujiu" {Fire Dex+2}
 67587 | Tar:7    | Identified the +9 long sword of Wounding {drain, SInv}
 67590 | Tar:7    | Identified the +9 trident "Biexoj" {heavy, rPois rF- rC+
                  | Will++}
 67763 | Tar:7    | Got the Lessons on Chilling Spectres
 68163 | Coc:1    | Entered Level 1 of Cocytus
 68527 | Coc:2    | HP: 7/222 [nargun (9)]
 68528 | Coc:2    | The Shining One protects you from harm!
 68868 | Coc:3    | Reached skill level 20 in Ice Magic
 69072 | Coc:4    | Paralysed by a wendigo for 1 turns
 69078 | Coc:4    | Paralysed by a wendigo for 1 turns
 69352 | Coc:5    | Reached skill level 21 in Ice Magic
 69440 | Coc:5    | Noticed a juggernaut
 69449 | Coc:5    | Killed a juggernaut
 69642 | Coc:6    | Reached skill level 15 in Spellcasting
 69836 | Coc:7    | Entered Level 7 of Cocytus
 69966 | Coc:7    | Paralysed by a wendigo for 1 turns
 69972 | Coc:7    | Reached skill level 22 in Ice Magic
 70152 | Coc:7    | Paralysed by a wendigo for 1 turns
 70221 | Coc:7    | Identified the amulet of Honextet {Spirit rF- Dex+3 SInv}
 70623 | Coc:7    | Noticed Antaeus
 70625 | Coc:7    | Identified the +5 tower shield of Mezcal {Rampage Int+3
                  | Dex+4}
 70653 | Coc:7    | Killed Antaeus
 70654 | Coc:7    | Reached skill level 23 in Ice Magic
 70689 | Coc:7    | Identified the scarf "Hemirionn" {+Inv, rF+ Regen+ Dex+2}
 70694 | Coc:7    | Got an icy rune of Zot
 70699 | Coc:7    | Got the Incunabulum of Inference
 70705 | Coc:7    | Identified the ring of Okawaru's Outrage {Wiz rN+}
 70778 | Coc:7    | Identified the staff "Meilecixue" {rPois rF+ Str+2 Alchemy}
 70951 | Geh:1    | Entered Level 1 of Gehenna
 71025 | Geh:1    | Noticed a dread lich
 71032 | Geh:1    | Killed a dread lich
 71942 | Geh:5    | Reached skill level 24 in Ice Magic
 72133 | Geh:6    | Noticed a dread lich
 72140 | Geh:6    | Killed a dread lich
 72368 | Geh:7    | Entered Level 7 of Gehenna
 72385 | Geh:7    | Reached skill level 15 in Dodging
 72905 | Geh:7    | Found the +13 sceptre of Asmodeus
 72905 | Geh:7    | Noticed Asmodeus
 72923 | Geh:7    | Killed Asmodeus
 72981 | Geh:7    | Identified the staff "Xebih" {*Slow rN+ Str+4 Summ Necro}
 73050 | Geh:7    | Got an obsidian rune of Zot
 73509 | Dis:1    | Entered Level 1 of the Iron City of Dis
 73885 | Dis:3    | Reached skill level 25 in Ice Magic
 74229 | Dis:4    | You are sucked into a shaft and drop 2 floors!
 74266 | Dis:6    | Killed from afar by a Hell Sentinel

Illustrated notes

Levels and vault maps discovered:
D:1:      shiori_arrival_elements, layout_basic,
          shapermc_ecumenical_altar_petra, minmay_tromino_mix6
D:2:      layout_basic, serial_bayou_crossing
D:3:      layout_basic, chequers_mini_garden
D:4:      layout_cave_pods, lightli_temple_of_fire,
          minmay_temple_entry_glassed_door, minmay_misc_feat_more_columns,
          minmay_fire_ice_demons, uniq_robin
D:5:      layout_loops_ring, kennysheep_mini_moat, general_overflow_altar,
          kennysheep_donut
D:6:      cheibrodos_iron_armory, layout_loops_ring,
          mainiacjoe_overflow_six_doors_small, minmay_misc_feat_enclosed,
          chequers_serial_rivers_small_3
D:7:      layout_loops_ring
D:8:      minmay_spotlight, layout_cave_pools, serial_rivers,
          chequers_serial_rivers_micro_a, chequers_serial_rivers_micro_c,
          chequers_serial_rivers_small_3, chequers_serial_rivers_small_b,
          chequers_serial_rivers_small_3, serial_shops, nicolae_shop_trees,
          roadster_trireme, uniq_jeremiah, uniq_joseph
D:9:      layout_roguey, tso_metal_star, mainiacjoe_overflow_boulevard,
          hellmonk_okawaru_the_only_friend_you_need, minmay_alternating_orb,
          uniq_erica, uniq_psyche, uniq_erolcha, uniq_maggie
D:10:     layout_basic, old_standard_altar, minmay_librarian
D:11:     layout_basic, nrook_guardian_serpent_ordinary, uniq_sonja
D:12:     layout_roguey, orc_0_dummy
D:13:     minmay_coctagon, layout_gridville, david_vaults_1, serial_shops, shop,
          serial_glass, glass_columns_b, glass_columns_a, glass_columns_c,
          glass_columns_a, nicolae_shop_i_like_small_books_too
D:14:     layout_gridville, nicolae_figureground_sparkle
D:15:     gammafunk_depths_entry_grave, layout_loops_ring, gammafunk_ghost_smash
Temple:   nicolae_temple_ecumenical_triangle
Lair:1:   layout_cave_pods, minivault_19
Lair:2:   layout_chaotic_city, skrybe_swamp_entry_bodies,
          alex1729_snake_entry_snake, basic_altar
Lair:3:   layout_loops_ring, chequers_serial_rivers_micro_d,
          eino_house_with_fridge
Lair:4:   layout_hall_layers, slime_entry_1, gammafunk_ghost_hydra_chop,
          serial_bayou_pond_a
Lair:5:   gammafunk_lair_ancient_temple, layout_gridlike, basic_altar,
          lemuel_another_geyser
Swamp:1:  layout_basic_swamp, nicolae_swamp_reclaimed_castle, swamp_pool_1_2
Swamp:2:  layout_falls_marsh, serial_swamp_ruin, evilmike_swamp_ruin_rubble_2,
          evilmike_swamp_ruin_rubble_1, evilmike_swamp_ruin_house_1,
          swamp_pool_1_2, kb_tengu_band, nicolae_swamp_decorative_isthmus
Swamp:3:  layout_basic_swamp, nicolae_swamp_well_well_well, uniq_louise,
          uniq_mlioglotl
Swamp:4:  swamp_old_school, layout_basic_swamp, ebering_ghost_reflecting_pool
Snake:1:  layout_gridlike, serial_shops, nicolae_shop_window_shopping,
          minmay_shoptagon
Snake:2:  layout_basic, nicolae_triple_integral
Snake:3:  layout_honeycomb, basic_altar, nicolae_snake_coiling_death,
          uniq_vashnia
Snake:4:  johnstein_snake_rune_scales, layout_basic,
          portal_ice_cave_entry_pillars_four, serial_shops,
          nicolae_shop_overgrown_old_shop, nicolae_snake_scaly_snakehead,
          uniq_nikola, uniq_bai_suzhen, uniq_roxanne
Slime:1:  cheibrodos_slime_lost_civilization_9, layout_caves
Slime:2:  layout_caves, dissolution_awaits
Slime:3:  layout_caves
Slime:4:  layout_caves
Slime:5:  slime_pit_nicolae_amoeboid
Orc:1:    layout_caves
Orc:2:    st_orc_rangers, layout_diamond_mine
Elf:1:    eino_elf_arrival_shootout, layout_gridlike, minmay_elf_sorcery,
          nicolae_elf_shapeshifter_party, uniq_donald, uniq_zenata
Elf:2:    nicolae_elf_blades_splatter_lattice [nicolae_blade_little_rooms],
          layout_geoelf_octagon, serial_shops, nicolae_shop_crystal,
          serial_library_hellmonk_semicircle, minivault_25, minivault_23,
          small_chamber_with_monster
Elf:3:    minmay_elf_hall_four_x, layout_rooms, serial_shops, nicolae_shop_stone
Vaults:1: nicolae_vaults_octothorpe, ontoclasm_vaults_eye,
          nicolae_vaults_corridor_and_loot_room, v_misc_8, v_misc_19,
          ontoclasm_vaults_twist, nicolae_vaults_apartment_1, v_misc_3,
          nicolae_vaults_double_plus_1, vaults_room_stairs_pillars,
          nicolae_vaults_trapezoid_lopsided_3, layout_vaults_quadrants
Vaults:2: portal_desolation_entry_holy_temple, nicolae_vaults_tetromino_L_2,
          v_misc_2, v_misc_28, nicolae_vaults_tetromino_T_1,
          nicolae_vaults_turnstiles, v_pattern_1, hangedman_vaults_cutoff,
          vaults_mumra_minichess_inversion, nicolae_vaults_variable_pillar_hall,
          nicolae_vaults_security_offices_4, vaults_room_hallway,
          layout_vaults_maze_snakey
Vaults:3: nicolae_vaults_tetromino_L_1, v_misc_23, nicolae_vaults_wrenched,
          vaults_dpeg_diagonal, minmay_crypt_entry_simple_sparse,
          nicolae_vaults_storage_closets_1, ontoclasm_vaults_misaligned,
          vaults_dpeg_emergency_exit, vaults_standard_mumra_x, vaults_room_pool,
          ontoclasm_vaults_ring_small, layout_vaults_chaotic_city, serial_shops,
          nicolae_shop_just_a_little_nook, shop, nicolae_trove_entry_isolated
Vaults:4: nicolae_vaults_six-pack, nicolae_vaults_storage_closets_3,
          nicolae_vaults_offset_grid_hallway_4, ontoclasm_vaults_loading_screen,
          nicolae_vaults_offset_grid_hallway_1, grunt_vaults_hallway_long,
          nicolae_vaults_prndl, nicolae_vaults_what_the_h, grunt_vaults_funnel,
          nicolae_vaults_little_squares_4, ontoclasm_vaults_chip,
          nicolae_vaults_tetromino_L_1, nicolae_vaults_cochlea,
          layout_vaults_omnicross
Vaults:5
Crypt:1:  minmay_skeleton_keep, layout_chaotic_city, grunt_crypt_arrival_split,
          uniq_xtahua, uniq_boris, uniq_aizul
Crypt:2:  hangedman_screamer, layout_misc_corridors, grunt_ministairs_7,
          serial_sigils_hangedman_confine, grunt_megastairs_1
Crypt:3:  lightli_unholy_cathedral, layout_chaotic_city,
          tomb_entry_simple_bobbens, ebering_ghost_inner_flame,
          grunt_megastairs_5
Depths:1: layout_basic, hangedman_decor_points, gammafunk_ghost_ooze,
          hell_entry, feat_on_display, minmay_shop_star
Depths:2: evilmike_pillar_path, layout_cave_pools, pf_dread_powers_of_hell,
          grunt_pan_entry_zigzag, zin_statuary
Depths:3: evilmike_diamond_1, layout_cave_pools, abyss_entry_small_statue_room,
          hell_entry
Depths:4: grunt_zot_entry_tricorne, layout_cave_shapes, enter_ziggurat_f,
          minmay_misc_feat_five, pan_entry, grunt_mini_vestibule,
          uniq_frederick, uniq_enchantress
Hell
Dis:1:    layout_jigsaw
Dis:2:    layout_regular_city
Dis:3:    layout_overlapping_boxes
Dis:4:    layout_subdivisions
Dis:6:    lightli_tower_of_babel
Geh:1:    layout_gehenna_lava_caves, nicolae_geh_lava_lounge
Geh:2:    layout_gehenna_pools_triple
Geh:3:    layout_gehenna_lava_caves
Geh:4:    layout_gehenna_lava_caves
Geh:5:    layout_gehenna_lava_caves
Geh:6:    layout_gehenna_lava_caves
Geh:7:    geh_grunt_pentagon
Coc:1:    layout_cocytus_delve, nicolae_coc_statues_of_limitations
Coc:2:    layout_cocytus_delve, serial_ice, serial_ice_o, serial_ice_d
Coc:3:    layout_ice_bergs
Coc:4:    layout_cocytus_delve, evilmike_ambush [evilmike_ambush_outer_basic,
          evilmike_ambush_inner_cross]
Coc:5:    nicolae_hells_titanomachy
Coc:6:    layout_ice_bergs
Coc:7:    coc_hangedman
Tar:1:    layout_honeycomb
Tar:2:    layout_catacombs, nicolae_tar_honey_chapel
Tar:3:    layout_grid_maze, nicolae_tar_stay_or_leave
Tar:4:    layout_cathedral_of_symmetry
Tar:5:    nicolae_tar_ssshhh
Tar:6:    layout_honeycomb
Tar:7:    tar_grunt_cathedral

Skill      XL: |  1  2  3  4  5  6  7  8  9 10 11 12 13 14 15 16 17 18 19 20 21 22 23 24 25 26 27 |
---------------+----------------------------------------------------------------------------------+-----
Fighting       | 2 3 5 6 7 8 9 10 11 12 13 14 15 20 | 20.8
Shapeshifting  | 4 5 7 8 9 10 11 12 13 14 15 16 17 18 19 21 | 21.2
Dodging        | 3 4 5 6 7 8 9 10 11 12 13 14 15 | 15.9
Unarmed Combat | 4 5 6 7 8 9 10 11 12 13 14 15 16 18 19 20 23 | 23.0
Ice Magic      | 2 4 6 7 8 9 10 11 12 14 25 | 25.1
Invocations    | 2 4 6 8 9 10 11 12 15 18 19 | 19.3
Conjurations   | 1 4 5 7 8 10 | 10.0
Air Magic      | 1 3 5 7 8 10 | 10.0
Evocations     | 2 3 |  3.9
Spellcasting   | 2 4 5 6 7 9 10 11 18 | 18.3
Translocations | 1 4 6 7 9 10 11 | 11.2
Shields        | 9 13 15 16 18 | 18.6

Action                     |  1- 3 |  4- 6 |  7- 9 | 10-12 | 13-15 | 16-18 | 19-21 | 22-24 | 25-27 || total
---------------------------+-------+-------+-------+-------+-------+-------+-------+-------+-------++-------
  Melee: Unarmed           |    74 |   125 |   222 |   577 |  1059 |  1074 |   869 |  1203 |  3268 ||  8471
         Constrict         |    14 |    36 |    51 |   118 |   223 |   190 |       |   119 |   312 ||  1063
         Tentacles         |    13 |    26 |    78 |    71 |       |       |       |   207 |  1214 ||  1609
         Punch             |     1 |     3 |     6 |    13 |       |    21 |   124 |   197 |   718 ||  1083
         Maw               |       |       |       |    64 |       |       |       |       |       ||    64
         Tailslap          |       |       |       |       |       |    29 |   217 |   123 |       ||   369
         Bite              |       |       |       |       |       |    24 |   187 |   101 |       ||   312
  Throw: Dart              |       |       |       |     2 |       |       |       |       |       ||     2
   Cast: Ozocubu's Armour  |       |       |       |    16 |    60 |    26 |     4 |       |       ||   106
         Freezing Cloud    |       |       |       |       |    15 |    62 |    15 |     8 |       ||   100
         Vhi's Electric Ch |       |       |       |       |       |       |    63 |    71 |   139 ||   273
         Manifold Assault  |       |       |       |       |       |       |       |   108 |   226 ||   334
         Arcjolt           |       |       |       |       |       |       |       |    14 |     6 ||    20
         Polar Vortex      |       |       |       |       |       |       |       |       |    11 ||    11
 Invoke: Divine Shield     |       |       |       |       |     6 |     9 |     7 |     3 |    30 ||    55
         Summon Divine War |       |       |       |       |     1 |     8 |     1 |     1 |     9 ||    20
         Cleansing Flame   |       |       |       |       |       |       |       |       |    50 ||    50
Ability: Breathe Fire      |       |       |       |       |       |       |     4 |       |       ||     4
  Evoke: Wand              |       |       |     2 |     8 |     6 |     1 |     1 |       |       ||    18
         Phantom mirror    |       |       |       |       |     1 |     1 |       |       |       ||     2
    Use: Potion            |       |       |     1 |     6 |     3 |    10 |     2 |     2 |     4 ||    28
         Scroll            |       |       |       |     8 |    22 |     9 |     4 |     9 |     6 ||    58
   Stab: Sleeping          |     7 |     4 |     5 |       |       |       |       |       |       ||    16
         Distracted        |       |       |     1 |       |       |       |       |       |       ||     1
         Paralysed         |       |       |     2 |     3 |       |       |       |       |       ||     5
 Armour: Skin              |    26 |    46 |   102 |   319 |   574 |   773 |   516 |   543 |  2098 ||  4997
  Dodge: Dodged            |    33 |    67 |   163 |   395 |   807 |  1175 |   764 |  1040 |  2698 ||  7142
  Block: Other             |       |       |       |       |    31 |   249 |    54 |       |       ||   334
         Reflection        |       |       |       |       |       |    27 |     3 |    77 |       ||   107
         Kite shield       |       |       |       |       |       |       |       |   782 |  5291 ||  6073
   Form: Flux              |       |       |     1 |       |       |       |       |       |       ||     1
         Maw               |       |       |       |     1 |       |       |       |       |       ||     1
         Serpent           |       |       |       |     1 |       |       |       |       |       ||     1
         Dragon            |       |       |       |       |       |     1 |     1 |     1 |       ||     3
         Statue            |       |       |       |       |       |       |     1 |     2 |       ||     3

Table legend: (Time is in decaauts)
 A = Elapsed time spent in this place.
 B = Non-inter-level travel time spent in this place.
 C = Inter-level travel time spent in this place.
 D = Time resting spent in this place.
 E = Time spent auto-exploring this place.
 F = Levels seen in this place.
 G = Mean time per level.
                   A        B        C        D        E       F      G
               +--------+--------+--------+--------+--------+-----+--------+
         Total |  83787 |  73728 |  10059 |   2516 |  53418 |  82 | 1021.8 |
       Dungeon |  19487 |  15433 |   4054 |    557 |  11946 |  15 | 1299.1 |
        Temple |      1 |      1 |      0 |      0 |      0 |   1 |    1.0 |
          Lair |   7920 |   6916 |   1004 |    137 |   5275 |   5 | 1584.0 |
         Swamp |   5173 |   4824 |    349 |    469 |   3425 |   4 | 1293.2 |
     Snake Pit |   7665 |   7280 |    385 |    122 |   5603 |   4 | 1916.2 |
    Slime Pits |   2147 |   1899 |    248 |     85 |   1068 |   5 |  429.4 |
  Orcish Mines |   2509 |   2132 |    377 |    118 |   1428 |   2 | 1254.5 |
   Elven Halls |   5383 |   5067 |    316 |    172 |   3801 |   3 | 1794.3 |
        Vaults |   8826 |   7586 |   1240 |      0 |   6003 |   5 | 1765.2 |
         Crypt |   4123 |   4005 |    118 |      0 |   2946 |   3 | 1374.3 |
        Depths |   6130 |   5089 |   1041 |    557 |   3223 |   4 | 1532.5 |
          Hell |   1162 |    952 |    210 |    150 |    523 |   1 | 1162.0 |
           Dis |   1011 |    938 |     73 |      0 |    615 |   5 |  202.2 |
       Gehenna |   3617 |   3372 |    245 |      0 |   2521 |   7 |  516.7 |
       Cocytus |   3710 |   3521 |    189 |      4 |   2330 |   7 |  530.0 |
      Tartarus |   3802 |   3599 |    203 |     19 |   2309 |   7 |  543.1 |
         Abyss |    253 |    253 |      0 |      0 |    119 |   1 |  253.0 |
         Trove |    107 |    107 |      0 |      0 |      0 |   1 |  107.0 |
      Ice Cave |    240 |    240 |      0 |    124 |      0 |   1 |  240.0 |
    Desolation |    513 |    513 |      0 |      0 |    279 |   1 |  513.0 |
               +--------+--------+--------+--------+--------+-----+--------+

Top non-repeatable levels by time:
 Snake:4: 3048 daAuts
Vaults:3: 2711 daAuts
     D:9: 2356 daAuts
    D:13: 2131 daAuts
   Elf:2: 2130 daAuts
  Lair:2: 2019 daAuts
    D:15: 1982 daAuts
Depths:1: 1977 daAuts
 Swamp:3: 1847 daAuts
Depths:3: 1833 daAuts
 Snake:3: 1793 daAuts
   Tar:7: 1788 daAuts
     D:8: 1713 daAuts
 Swamp:4: 1696 daAuts
Vaults:5: 1691 daAuts
